 Dungeon Crawl Stone Soup version 0.27-a0-773-gaaee5cf45b (webtiles) character file.

Game seed: 9031694729764235251

123 leviel the Chopper (level 5, 0/46 HPs)
             Began as a Hill Orc Fighter on Mar 26, 2021.
             Succumbed to an adder's poison
             ... on level 2 of the Dungeon.
             The game lasted 00:02:55 (2051 turns).

leviel the Chopper (Hill Orc Fighter)               Turns: 2051, Time: 00:02:55

Health: 0/46       AC: 10    Str: 20    XL:     5   Next: 7%
Magic:  5/5        EV:  7    Int:  6    God:
Gold:   65         SH:  9    Dex: 10    Spells: 4/4 levels left

rFire    . . .     SeeInvis .   a - +0 war axe
rCold    . . .     Faith    .   c - +0 kite shield
rNeg     . . .     Spirit   .   b - +0 scale mail
rPois    .         Reflect  .   i - +0 helmet
rElec    .         Harm     .   (no cloak)
rCorr    .         Rampage  .   (no gloves)
Will     .....                  (no boots)
Stlth    ..........             (no amulet)
HPRegen  0.15/turn              (no ring)
MPRegen  0.09/turn              (no ring)

@: lethally poisoned (0 -> -8), very slightly contaminated, invisible
A: molten scales 1, dopey 1
a: no special abilities


You were on level 2 of the Dungeon.
You visited 1 branch of the dungeon, and saw 2 of its levels.

You collected 65 gold pieces.

Inventory:

Hand Weapons
 a - a +0 war axe (weapon)
Missiles
 h - 18 poisoned darts (quivered)
Armour
 b - a +0 scale mail (worn)
 c - a +0 kite shield (worn)
 i - a +0 helmet (worn)
Scrolls
 e - 2 scrolls of identify {unknown}


   Skills:
 + Level 4.2 Fighting
 * Level 5.0 Axes
 + Level 3.8 Armour
 + Level 0.3 Dodging
 + Level 0.1 Stealth
 + Level 3.9 Shields


You had 4 spell levels left.
You didn't know any spells.
Your spell library was empty.

Dungeon Overview and Level Annotations

Branches:
Dungeon (2/15)

Altars:
Gozag

Shops:
D:1 [


Innate Abilities, Weirdness & Mutations

You are partially covered in molten scales. (AC +2)
You are dopey. (Int -2)


Message History

You are too injured to fight recklessly!
You are too injured to fight recklessly!
You are too injured to fight recklessly!
You are too injured to fight recklessly!
You are too injured to fight recklessly!
You are too injured to fight recklessly!
You are too injured to fight recklessly!
Unknown command.
You hit the gnoll.
You kill the gnoll!
The adder bites you.
You are poisoned.
The adder poisons you!
You have reached level 5!
You feel stronger.
You feel very sick.
You feel sick. The adder bites you but does no damage.
You feel sick.
You closely miss the adder.
You feel sick.
You are no longer poisoned.
The adder barely misses you. The adder bites you but does no damage.
You closely miss the adder. You block the adder's attack. The adder bites you.
You closely miss the adder. The adder bites you.
You are poisoned.
The adder poisons you! The adder bites you.
* * * LOW HITPOINT WARNING * * *
You are lethally poisoned!
The adder poisons you!
It was a potion of invisibility.
You fade into invisibility!
* * * LOW HITPOINT WARNING * * *
You feel extremely sick. The adder bites you but does no damage.
You are very lightly contaminated with residual magic.
* * * LOW HITPOINT WARNING * * *
You feel sick.
It was a potion of mutation.
You feel extremely strange.
You feel stupid.
Molten scales grow over part of your body.
You die...

#.# #.# #.# #.#
#.# #.# #.# #.#
#@# #S#
#.........# #g#
.........# #.#
..Sg....# #g#
.......# #)#
..g...# #.#
....
##.##########'#
#....g)g......#
##


You could see 2 gnolls and an adder.

Vanquished Creatures
  A kobold brigand (D:2)
  2 gnolls (D:2)
  A dart slug (D:1)
  3 ball pythons (D:1)
  4 bats
  4 endoplasms
  2 giant cockroaches (D:1)
  A goblin (D:1)
  3 hobgoblins (D:1)
  4 jackals (D:1)
  A kobold (D:1)
  3 rats
29 creatures vanquished.

Notes
Turn   | Place    | Note
-------+----------+-------------------------------------------
     0 | D:1      | leviel the Hill Orc Fighter began the quest for the Orb.
     0 | D:1      | Reached XP level 1. HP: 19/19 MP: 1/1
   178 | D:1      | Found Pibrynen's Armour Shoppe.
   987 | D:1      | Reached XP level 2. HP: 21/27 MP: 2/2
  1095 | D:1      | Reached skill level 3 in Axes
  1264 | D:1      | Reached XP level 3. HP: 32/33 MP: 3/3
  1696 | D:2      | Noticed a kobold brigand
  1709 | D:2      | Killed a kobold brigand
  1710 | D:2      | Reached skill level 4 in Axes
  1710 | D:2      | Reached XP level 4. HP: 16/40 MP: 4/4
  1910 | D:2      | Found an opulent altar of Gozag.
  2033 | D:2      | Reached skill level 5 in Axes
  2043 | D:2      | Reached XP level 5. HP: 24/46 MP: 5/5
  2049 | D:2      | HP: 2/46 [poisoned by an adder]
  2051 | D:2      | Gained mutation: You are dopey. (Int -2) [potion of
                  | mutation]
  2051 | D:2      | Gained mutation: You are partially covered in molten
                  | scales. (AC +2) [potion of mutation]
  2051 | D:2      | Succumbed to an adder's poison

Illustrated notes

Levels and vault maps discovered:
D:1:      matt_arrival_diagonals, layout_basic, serial_shops, shop,
          minmay_pentomino_q4
D:2:      layout_basic, general_overflow_altar

Skill      XL: |  1  2  3  4 |
---------------+-------------+-----
Fighting       | 4 |  4.2
Axes           | 3 4 5 |  5.0
Armour         | |  3.8
Dodging        | |  0.3
Stealth        | |  0.1
Shields        | |  3.9

Action                   |  1- 3 |  4- 6 || total
-------------------------+-------+-------++-------
Melee: War axe           |    82 |    17 ||    99
Throw: Dart              |     1 |       ||     1
  Use: Potion            |     1 |     2 ||     3
Armor: Scale mail        |    45 |     7 ||    52
Dodge: Dodged            |    31 |     5 ||    36
Block: Kite shield       |    46 |     7 ||    53

Table legend: (Time is in decaauts)
 A = Elapsed time spent in this place.
 B = Non-inter-level travel time spent in this place.
 C = Inter-level travel time spent in this place.
 D = Time resting spent in this place.
 E = Time spent auto-exploring this place.
 F = Levels seen in this place.
 G = Mean time per level.
                   A        B        C        D        E       F      G
               +--------+--------+--------+--------+--------+-----+--------+
         Total |   2107 |   2094 |     13 |    732 |   1085 |   2 | 1053.5 |
       Dungeon |   2107 |   2094 |     13 |    732 |   1085 |   2 | 1053.5 |
               +--------+--------+--------+--------+--------+-----+--------+

Top non-repeatable levels by time:
     D:1: 1697 daAuts
     D:2: 410 daAuts
